 Dungeon Crawl Stone Soup version 0.29.1-2-gbd0b4ee654 (webtiles) character file.

Game seed: 61897382236226986

111 jamesblauser the Trooper (level 4, -3/33 HPs)
             Began as a Palentonga Fighter on Nov 7, 2022.
             Was a Believer of Wu Jian.
             Killed by nerve-wracking pain
             ... invoked by Grinder
              (9 damage)
             ... on level 3 of the Dungeon on Nov 8, 2022.
             The game lasted 00:11:06 (2098 turns).

jamesblauser the Trooper (Palentonga Fighter)       Turns: 2098, Time: 00:11:08

Health: -3/33      AC:  9    Str: 21    XL:     4   Next: 62%
Magic:  4/4        EV:  4    Int:  9    God:    Wu Jian [**....]
Gold:   105        SH:  4    Dex: 11    Spells: 3/3 levels left

rFire   . . .      SeeInvis +   a - +0 war axe
rCold   . . .      Faith    .   c - +0 buckler
rNeg    . . .      Spirit   .   g - +0 plate armour
rPois   .          Reflect  .   (helmet restricted)
rElec   .          Harm     .   (no cloak)
rCorr   .          Rampage  .   (no gloves)
Will    .....                   (no barding)
Stlth   ..........              (no amulet)
HPRegen 0.11/turn               (no ring)
MPRegen 0.09/turn               (no ring)

@: no status effects
A: large, rugged brown scales 3, see invisible, deformed body, roll 1, armoured
tail, horns 1, talons 1, camouflage 1, frail 1
a: Rolling Charge, Renounce Religion, Wall Jump


You were on level 3 of the Dungeon.
You worshipped Wu Jian.
Wu Jian was pleased with you.
You visited 1 branch of the dungeon, and saw 3 of its levels.

You collected 105 gold pieces.

Inventory:

Hand Weapons
 a - a +0 war axe (weapon)
Armour
 b - a +0 scale mail
 c - a +0 buckler (worn)
 e - a +0 helmet
 g - a +0 plate armour (worn)
Wands
 i - a wand of mindburst (12) (quivered)
Potions
 d - a potion of might
 f - 3 potions of heal wounds
 h - a potion of curing


   Skills:
 + Level 3.5 Fighting
 + Level 3.0 Axes
 + Level 3.0 Armour
 + Level 1.0 Dodging
 + Level 3.2 Shields


You had 3 spell levels left.
You didn't know any spells.
Your spell library contained the following spells:

 Spells                   Type           Power      Damage    Failure   Level
 Sandblast                Erth           0%         2d4       100%        1
 Sting                    Tmut/Pois      0%         1d3       100%        1
 Wereblood                Tmut           0%         N/A       100%        2
 Iron Shot                Conj/Erth      0%         9d1       100%        6
 Shatter                  Erth           0%         3d5*      100%        9


Dungeon Overview and Level Annotations

Branches:
Dungeon (3/15)

Altars:
Wu Jian

Annotations:
D:3 Grinder


Innate Abilities, Weirdness & Mutations

You are completely covered in rugged brown scales. (AC +3, +7% HP)
You have supernaturally acute eyesight. (SInv)
Armour fits poorly on your strangely shaped body.
You can roll at nearby foes to attack.
You have a long armoured tail.
You have a pair of small horns on your head.
You have sharp toenails.
Your skin changes colour to match your surroundings (Stealth+).
You are frail. (-10% HP)


Message History

Aim: Grinder (chance to affect: 64%) Grinder struggles to resist.
Grinder gestures at you. Pain shoots through your body!
Aiming: Mindburst
Press: ? - help, Q - select action, (/) - cycle Shift-Dir - straight line, f/p - Grinder
Aim: Grinder (chance to affect: 64%) Grinder struggles to resist.
Aiming: Mindburst
Press: ? - help, Q - select action, (/) - cycle Shift-Dir - straight line, f/p - Grinder
Aim: Grinder (chance to affect: 64%) Grinder's mind is blasted!
Grinder gestures at you.
You suddenly lose the ability to move!
Grinder gestures at you. Pain shoots through your body!
Grinder gestures at you.
You shrug off the repeated paralysis!
You can move again.
You hit Grinder. Your kick misses Grinder. Your headbutt misses Grinder.
Grinder is heavily wounded.
Grinder hits you but does no damage.
You barely miss Grinder. You claw Grinder. You headbutt Grinder.
You tail-slap Grinder, but do no damage.
Grinder is severely wounded.
Grinder drinks a potion.
Grinder is healed!
Grinder completely misses you.
You hit Grinder but do no damage.
Grinder is moderately wounded.
Grinder says, "My boss said I was rubbish.
His entrails said otherwise."
Grinder barely misses you.
You hit Grinder. You headbutt Grinder.
Grinder is heavily wounded.
Grinder hits you.
You writhe in agony.
You closely miss Grinder. You claw Grinder, but do no damage.
Grinder is heavily wounded.
Grinder hits you.
You writhe in agony.
* * * LOW HITPOINT WARNING * * *
Grinder gestures at you. Pain shoots through your body!
You die...

##########
##........#####
.......@5......
#.#######'#######
#.# #.# #.#
#####.##### #.#
#...'.'...# #.#
#.###.###.# #.#
#.# #.# ###
#.###'###.###
...##.'..........


You could see Grinder.

Vanquished Creatures
  Ijyb (D:3)
  An adder (D:2)
  A worm (D:2)
  7 dart slugs
  6 ball pythons
  5 bats
  3 endoplasms
  3 giant cockroaches
  6 goblins
  5 hobgoblins
  4 jackals
  3 kobolds (D:2)
  3 quokkas
  3 frilled lizards (D:1)
  4 rats
55 creatures vanquished.

Notes
Turn   | Place    | Note
-------+----------+-------------------------------------------
     0 | D:1      | jamesblauser the Palentonga Fighter began the quest for the
                  | Orb.
     0 | D:1      | Reached XP level 1. HP: 19/19 MP: 1/1
    85 | D:1      | Reached XP level 2. HP: 8/25 MP: 2/2
   387 | D:1      | Got the Catalogue of Geological Transmogrification
   496 | D:1      | Reached XP level 3. HP: 23/31 MP: 3/3
   649 | D:1      | Found a faded altar of an unknown god.
   672 | D:1      | Prayed at the altar of an unknown god.
   672 | D:1      | Became a worshipper of the Wu Jian Council
   672 | D:1      | Reached * piety under Wu Jian
   736 | D:1      | Gained mutation: Your skin changes colour to match your
                  | surroundings (Stealth+). [potion of mutation]
   736 | D:1      | Gained mutation: You have sharp toenails. [potion of
                  | mutation]
   736 | D:1      | Gained mutation: You are frail. (-10% HP) [potion of
                  | mutation]
   736 | D:1      | Gained mutation: You have a pair of small horns on your
                  | head. [potion of mutation]
  1402 | D:2      | Reached ** piety under Wu Jian
  1403 | D:2      | Reached XP level 4. HP: 33/33 MP: 4/4
  1668 | D:3      | Noticed Ijyb
  1673 | D:3      | Killed Ijyb
  1674 | D:3      | Reached skill level 1 in Dodging
  2081 | D:3      | Noticed Grinder
  2081 | D:3      | Paralysed by Grinder for 4 turns
  2090 | D:3      | Paralysed by Grinder for 4 turns
  2098 | D:3      | Killed from afar by Grinder

Illustrated notes

Levels and vault maps discovered:
D:1:      nicolae_arrival_washed_ashore, layout_rooms,
          hellmonk_ecumenical_altar_pennies_from_heaven
D:2:      layout_loops_cross
D:3:      layout_rooms, mainiacjoe_overflow_alcove_1, minmay_door_square,
          uniq_ijyb, uniq_grinder, uniq_robin

Skill      XL: |  1  2  3  4 |
---------------+-------------+-----
Shields        | 3 |  3.2
Axes           | 3 |  3.0
Armour         | 3 |  3.0
Dodging        | 1 |  1.0
Fighting       | |  3.5

Action                   |  1- 3 |  4- 6 || total
-------------------------+-------+-------++-------
Melee: War axe           |    95 |    19 ||   114
       Tailslap          |     9 |     2 ||    11
       Kick              |     7 |     4 ||    11
       Headbutt          |     6 |     6 ||    12
Invok: Whirlwind         |     5 |     2 ||     7
       Lunge             |     2 |       ||     2
 Abil: Rolling Charge    |    20 |     4 ||    24
Evoke: Wand              |       |     5 ||     5
  Use: Scroll            |     5 |     1 ||     6
       Potion            |     2 |     1 ||     3
Armor: Scale mail        |    70 |       ||    70
       Plate armour      |     6 |     4 ||    10
Dodge: Dodged            |    32 |     2 ||    34
Block: Buckler           |    20 |       ||    20
